 Dungeon Crawl Stone Soup version 0.21.1-1-g345015f (webtiles) character file.

61 inc the Conjurer (level 4, -2/27 HPs)
             Began as an Octopode Wizard on Apr 28, 2018.
             Slain by an adder (5 damage)
             ... on level 3 of the Dungeon.
             The game lasted 00:03:17 (1887 turns).

inc the Conjurer (Octopode Wizard)                  Turns: 1887, Time: 00:03:18

Health: -2/27      AC:  1    Str:  6    XL:     4   Next: 7%
Magic:  0/8        EV: 12    Int: 21    God:
Gold:   75         SH:  4    Dex: 10    Spells: 8/9 levels left

rFire    . . .     SeeInvis .   e - +0 short sword
rCold    . . .     Gourm    .   k - +1 buckler {rPois}
rNeg     . . .     Faith    .   a - +0 hat
rPois    +         Spirit   .   (no amulet)
rElec    .         Reflect  .   (no ring)
rCorr    .         Harm     .   (no ring)
MR       .....                  (no ring)
Stlth    +++.......             (no ring)
HPRegen  0.09/turn              (no ring)
MPRegen  0.11/turn              (no ring)
                                (no ring)
                                (no ring)

@: no status effects
A: almost no armour, stealthy swim, amphibious, 8 rings, constrict 8, camouflage
1, gelatinous body 1
a: no special abilities


You were on level 3 of the Dungeon.
You were not hungry.

You visited 1 branch of the dungeon, and saw 3 of its levels.

You collected 75 gold pieces.

Inventory:

Hand Weapons
 e - a +0 short sword (weapon)
Armour
 a - a +0 hat (worn)
 k - a +1 buckler of poison resistance (worn)
Jewellery
 m - an uncursed ring of teleportation
Scrolls
 d - a scroll of random uselessness {unknown}
 g - a scroll of blinking {unknown}
 h - 2 scrolls of remove curse
 j - a scroll of immolation {unknown}
 o - a scroll of teleportation {unknown}
 r - 2 scrolls of identify
 s - a scroll of fear {unknown}
Potions
 f - a potion of ambrosia {unknown}
 i - a potion of haste
 l - 2 potions of agility
 p - a potion of heal wounds
Books
 b - a book of Minor Magic

   Spells                             Type                      Level
   a - Magic Dart                     Conjuration                  1
   b - Blink                          Translocation                2
   c - Call Imp                       Summoning                    2
   d - Slow                           Hexes                        2
   e - Conjure Flame                  Conjuration/Fire             3
   f - Mephitic Cloud                 Conjuration/Poison/Air       3
 n - a book of Necromancy

   Spells                             Type                      Level
   a - Pain                           Necromancy                   1
   b - Animate Skeleton               Necromancy                   1
   c - Vampiric Draining              Necromancy                   3
   d - Regeneration                   Charms/Necromancy            3
   e - Animate Dead                   Necromancy                   4
   f - Borgnjor's Vile Clutch         Necromancy/Earth             5
Comestibles
 c - 5 rations
 q - a chunk of flesh


   Skills:
 - Level 2.0 Dodging
 - Level 2.6 Stealth
 + Level 1.2 Shields
 - Level 3.0 Spellcasting
 + Level 3.4 Conjurations
   Level 1.0 Summonings
   Level 1.0 Translocations


You had 8 spell levels left.
You knew the following spells:

 Your Spells              Type           Power        Failure   Level  Hunger
a - Magic Dart            Conj           ###.         4%          1    None


Dungeon Overview and Level Annotations

Branches:
Dungeon (3/15)

Altars:


Innate Abilities, Weirdness & Mutations

You cannot wear most types of armour.
You are very stealthy in the water. (Stealth+)
You are amphibious.
You can wear up to eight rings at the same time.
You can use your tentacles to constrict eight enemies at once.
Your skin changes colour to match your surroundings (Stealth+).
Your rubbery body absorbs attacks. (AC +1, EV +1)


Message History

* * * LOW HITPOINT WARNING * * *
Casting: Magic Dart
Confirm with . or Enter, or press ? or * to list all spells.
You don't have enough magic to cast that spell.
Unknown command.
Casting: Magic Dart
Confirm with . or Enter, or press ? or * to list all spells.
You don't have enough magic to cast that spell.
You barely miss the adder. You grab the adder. You constrict the adder.
The adder bites you.
* * * LOW HITPOINT WARNING * * *
Casting: Magic Dart
Confirm with . or Enter, or press ? or * to list all spells.
Aiming: Magic Dart
Press: ? - help, Shift-Dir - straight line, f - adder
Aim: an adder (lightly wounded, constricted by you)
The magic dart hits the adder.
The adder is lightly wounded.
You constrict the adder. The adder bites you.
You die...

##+## .## #...##
..# .....## # #.#
......## ##. #!#
.......#
##...##.#####o.
.<.....+
............)..
.......# #.#
......## #S#
....)## ###@#
#...## #...# ##'##
#...# #.# #...#
#.# #.).# ##)##
#...#
#...##########...#
.....##.......#.##
....###.#.###.#.#


You could see an adder.

Vanquished Creatures
  An adder (D:2)
  An ooze (D:2)
  A worm (D:2)
  2 dart slugs
  3 orcs (D:3)
  2 ball pythons
  7 bats
  3 giant cockroaches (D:2)
  4 goblins
  2 hobgoblins
  2 jackals (D:1)
  2 kobolds
  2 frilled lizards (D:1)
  2 rats
34 creatures vanquished.

Notes
Turn   | Place    | Note
-------+----------+-------------------------------------------
     0 | D:1      | inc the Octopode Wizard began the quest for the Orb.
     0 | D:1      | Reached XP level 1. HP: 11/11 MP: 4/4
   292 | D:1      | Reached XP level 2. HP: 17/17 MP: 6/6
   983 | D:2      | Reached XP level 3. HP: 21/21 MP: 7/7
  1490 | D:2      | Reached skill level 1 in Shields
  1869 | D:3      | Reached XP level 4. HP: 27/27 MP: 1/8
  1887 | D:3      | Slain by an adder

Skill      XL: |  1  2  3 |
---------------+----------+-----
Conjurations   | 2 3 |  3.4
Shields        | 1 |  1.2
Dodging        | |  2.0
Stealth        | |  2.6
Spellcasting   | |  3.0
Summonings     | |  1.0
Translocations | |  1.0

Action                   |  1- 3 |  4- 6 || total
-------------------------+-------+-------++-------
Melee: Short sword       |    34 |     7 ||    41
       Constrict         |    11 |     2 ||    13
       Tentacles         |     8 |       ||     8
       Unarmed           |     2 |       ||     2
 Cast: Magic Dart        |    46 |     4 ||    50
  Use: Scroll            |     4 |       ||     4
 Stab: Sleeping          |     6 |       ||     6
  Eat: Chunk             |     3 |       ||     3
Armor: Skin              |     5 |       ||     5
Dodge: Dodged            |    37 |     3 ||    40
Block: Buckler           |     6 |     2 ||     8
